 Dungeon Crawl Stone Soup version 0.29.0-4-gdea44cf6ec (webtiles) character file.

Game seed: 6487329512454850808

13640 qw the Severer (level 11, 0/99 HPs)
             Began as a Minotaur Berserker on Sept 5, 2022.
             Was an Elder of Trog.
             Slain by a bog body (17 damage)
             ... on level 2 of the Lair of Beasts.
             The game lasted 00:03:16 (13609 turns).

qw the Severer (Minotaur Berserker)                Turns: 13609, Time: 00:03:17

Health: 0/99       AC: 19    Str: 24    XL:     11   Next: 78%
Magic:  3/10       EV:  7    Int:  4    God:    Trog [****..]
Gold:   561        SH:  5    Dex: 10    Spells: 10/10 levels left

rFire   + . .      SeeInvis .   Y - +5 broad axe (venom)
rCold   . . .      Faith    .   f - +0 buckler
rNeg    . . .      Spirit   .   d - +1 plate armour
rPois   +          Reflect  .   (helmet restricted)
rElec   .          Harm     .   (no cloak)
rCorr   .          Rampage  .   c - +1 pair of gloves {infuse}
Will    .....                   (no boots)
Stlth   ..........              (no amulet)
HPRegen 0.26/turn               a - ring of poison resistance
MPRegen 0.12/turn               o - ring of protection from fire

@: about to teleport, marked, on berserk cooldown, slowed, very slow
A: horns 2, retaliatory headbutt, iridescent scales 1, weak 1
a: Renounce Religion, Berserk, Trog's Hand, Brothers in Arms


You were on level 2 of the Lair of Beasts.
You worshipped Trog.
Trog was greatly pleased with you.
You visited 2 branches of the dungeon, and saw 12 of its levels.

You collected 778 gold pieces.
You spent 217 gold pieces at shops.


Innate Abilities, Weirdness & Mutations

You have a pair of horns on your head.
You reflexively headbutt those who attack you in melee.
You are partially covered in iridescent scales. (AC +2)
You are weak. (Str -2)


   Skills:
 - Level 10.0 Fighting
 - Level 17.0 Axes
 - Level 4.3 Throwing
 + Level 8.5 Armour
 - Level 3.0 Dodging
 - Level 6.6 Shields


You had 10 spell levels left.
You didn't know any spells.
Your spell library was empty.

Inventory:

Hand Weapons
 m - a +0 morningstar
 Y - a +5 broad axe of venom (weapon)
Missiles
 n - 3 javelins (quivered)
Armour
 c - a +1 pair of gloves of infusion (worn)
 d - a +1 plate armour (worn)
 f - a +0 buckler (worn)
Jewellery
 a - a ring of poison resistance (left hand)
 o - a ring of protection from fire (right hand)
Scrolls
 i - 4 scrolls of teleportation
 j - a scroll of identify
Potions
 b - 3 potions of might
 e - a potion of haste
 h - 2 potions of cancellation
 k - 2 potions of resistance
 l - a potion of magic {unknown}
 p - a potion of berserk rage {unknown}

Dungeon Overview and Level Annotations

Branches:
Dungeon (10/15)            Temple (0/1) D:5            Lair (2/5) D:10
  Swamp: Lair:2-3    Shoals: Lair:2-3     Snake: Lair:2-3    Spider: Lair:2-3
    Orc: D:9-12

Altars:
Elyvilon
Uskayaw
Xom

Shops:
D:8 [   D:9 (

Annotations:
D:3 1 runed translucent door, qw's ghost, weakling FoCA


Message History

Your Throwing skill increases to level 4!
You closely miss the bog body.
The bog body points at you and mumbles some strange words.
You feel as though you will be slow longer.
You closely miss the bog body.
A swamp worm comes into view.
The bog body touches you but does no damage.
You hit the bog body.
The bog body is lightly damaged.
You block the bog body's attack.
You hit the bog body. You headbutt the bog body.
The bog body is moderately damaged.
You slash the swamp worm!
The swamp worm is poisoned.
The bog body touches you but does no damage.
The swamp worm bites you!
You closely miss the bog body. Your headbutt misses the bog body.
The bog body is moderately damaged.
You slash the swamp worm!
The swamp worm looks as sick as possible!
You block the bog body's attack. The swamp worm bites you!
The bog body touches you but does no damage.
You closely miss the swamp worm.
The swamp worm is severely wounded.
You slash the bog body! The swamp worm bites you. The bog body touches you!
The bog body freezes you!!
The swamp worm bites you but does no damage.
You closely miss the swamp worm. You headbutt the swamp worm!
You kill the swamp worm!
Trog accepts your kill.
You barely miss the bog body. The bog body touches you.
The bog body freezes you!
13608 ||| READING 5 scrolls of teleportation.
As you read the scroll of teleportation, it crumbles to dust.
You feel strangely unstable.
The bog body gestures at you while chanting.
The bolt of cold hits you!
13609 ||| DRINKING potion of heal wounds.
You feel much better. The bog body touches you! The bog body freezes you!
You die...

###...%.........#
#.#..........77#.
###......777777 7
###...777777
##...777~~~
#...}...7..
#...}.......
#...n777~~w~
##..@..77777
##..........
##P......##P.
#.........# ###.
##.......## .##
.......## ###..
##......# ##....
.......###### ##.....
#.......##PP#.##...7..


You could see a bog body.

Vanquished Creatures
  Harold (Lair:1)
  2 two-headed ogres (D:10)
  Erica (Lair:1)
  A bog body (Lair:2)
  Pikel (D:7)
  5 elephants (Lair:1)
  A black mamba (Lair:2)
  Maggie (D:7)
  3 komodo dragons
  A cane toad (Lair:1)
  A hornet (D:9)
  Prince Ribbit (D:6)
  3 wyverns
  5 yaks (D:8)
  A shadow (D:10)
  2 swamp worms (Lair:2)
  An acid dragon (D:9)
  2 orc warriors
  5 water moccasins
  A sky beast (D:6)
  2 black bears
  An ice beast (D:7)
  2 centaurs (D:7)
  10 wolves
  A phantom (D:5)
  4 kobold brigands
  7 bullfrogs
  3 scorpions
  18 wights
  A howler monkey (D:10)
  3 jellies
  8 hounds
  5 orc priests
  6 iguanas
  9 orc wizards
  A gnoll (D:5)
  3 adders
  2 shadow imps
  2 white imps
  An ufetubus (D:5)
  2 dart slugs
  16 orcs
  7 endoplasms
  A giant cockroach (D:1)
  7 goblins
  8 hobgoblins
  4 jackals (D:1)
  25 kobolds
  3 quokkas
  6 ball pythons
  3 bats
  2 frilled lizards
  3 rats (D:1)
215 creatures vanquished.

Vanquished Creatures (others)
  A butterfly (D:3)
  A plant (Lair:1)
2 creatures vanquished.

Grand Total: 217 creatures vanquished

Notes
Turn   | Place    | Note
-------+----------+-------------------------------------------
     0 | D:1      | qw the Minotaur Berserker began the quest for the Orb.
     0 | D:1      | Reached XP level 1. HP: 19/19 MP: 0/0
     0 | D:1      | 0 ||| qw: Version: 0.1-a-104-g96f76f8
     0 | D:1      | 0 ||| qw: Game counter: 5893
     0 | D:1      | 0 ||| qw: Always use a shield: true
     0 | D:1      | 0 ||| qw: Do Orc after D:15 true
     0 | D:1      | 0 ||| qw: Do second Lair branch before Depths: true
     0 | D:1      | 0 ||| qw: Lair rune preference: random
     0 | D:1      | 0 ||| qw: Plans: Normal
     0 | D:1      | 0 ||| PLANNING D:1-11
    44 | D:1      | 44 ||| Stepping ~*~*~tactically~*~*~ (stealth).
    46 | D:1      | 46 ||| Stepping ~*~*~tactically~*~*~ (stealth).
    53 | D:1      | Reached skill level 4 in Axes
   109 | D:1      | 109 ||| Stepping ~*~*~tactically~*~*~ (stealth).
   242 | D:1      | Reached XP level 2. HP: 22/26 MP: 1/1
   958 | D:1      | 958 ||| UPGRADING to +0 ring mail.
   968 | D:1      | 968 ||| DROPPING +0 animal skin.
   969 | D:1      | 969 ||| UPGRADING to +0 scale mail.
   979 | D:1      | 979 ||| DROPPING +0 ring mail.
   980 | D:1      | 980 ||| READING scroll labelled WOLUCE RULL.
  1054 | D:2      | Reached skill level 5 in Axes
  1112 | D:2      | Reached ** piety under Trog
  1169 | D:2      | Reached XP level 3. HP: 30/31 MP: 2/2
  1492 | D:2      | 1492 ||| UPGRADING to +0 chain mail.
  1502 | D:2      | 1502 ||| DROPPING +0 scale mail.
  1503 | D:2      | 1503 ||| READING scroll labelled ZEIMAS GAMORPHA.
  1508 | D:2      | 1508 ||| DRINKING 2 brown potions.
  1509 | D:2      | 1509 ||| DROPPING potion of degeneration.
  1586 | D:3      | Found a white marble altar of Elyvilon.
  1607 | D:3      | Found a runed translucent door.
  1610 | D:3      | Noticed qw's ghost (weakling FoCA)
  1611 | D:3      | 1611 ||| Stepping ~*~*~tactically~*~*~ (hiding).
  1811 | D:3      | 1811 ||| DROPPING +0 club.
  1960 | D:3      | 1960 ||| Stepping ~*~*~tactically~*~*~ (hiding).
  1968 | D:3      | 1968 ||| INVOKING Berserk.
  1973 | D:3      | Reached skill level 6 in Axes
  1973 | D:3      | Reached XP level 4. HP: 39/39 MP: 3/3
  2158 | D:3      | 2158 ||| DROPPING +0 whip.
  2186 | D:3      | 2186 ||| FLEEEEING.
  2187 | D:3      | 2187 ||| STAIRDANCE
  2248 | D:2      | 2248 ||| UPGRADING to +0 plate armour.
  2258 | D:2      | 2258 ||| DROPPING +0 chain mail.
  2259 | D:2      | 2259 ||| DROPPING scarf of shadows.
  2418 | D:3      | Found a faded altar of an unknown god.
  2610 | D:3      | 2610 ||| Stepping randomly (stuck).
  2630 | D:4      | 2630 ||| STAIRDANCE
  2920 | D:4      | 2920 ||| Stepping ~*~*~tactically~*~*~ (hiding).
  2984 | D:4      | 2984 ||| INVOKING Berserk.
  3152 | D:4      | 3152 ||| INVOKING Berserk.
  3157 | D:4      | Reached skill level 7 in Axes
  3157 | D:4      | Reached XP level 5. HP: 45/45 MP: 4/4
  3342 | D:4      | 3342 ||| READING scroll labelled COSOUM RAJUYC.
  3343 | D:4      | 3343 ||| READING scroll labelled QOIKIT ENORA.
  3343 | D:4      | Identified a scroll of acquirement
  3343 | D:4      | 3343 ||| ACQUIRING +4 broad axe of venom
  3343 | D:4      | Acquired a +4 broad axe of venom
  3345 | D:4      | 3345 ||| SWAPPING to +4 broad axe of venom.
  3346 | D:4      | 3346 ||| DROPPING +0 hand axe.
  3347 | D:4      | 3347 ||| DRINKING 2 fizzy white potions.
  3358 | D:5      | Entered Level 5 of the Dungeon
  3369 | D:5      | Noticed a black bear
  3370 | D:5      | 3370 ||| INVOKING Berserk.
  3374 | D:5      | Killed a black bear
  3377 | D:5      | Reached XP level 6. HP: 53/53 MP: 5/5
  3494 | D:5      | Found a staircase to the Ecumenical Temple.
  3502 | D:5      | 3502 ||| DROPPING +2 mace of protection.
  3526 | D:5      | Noticed a water moccasin
  3529 | D:5      | Killed a water moccasin
  3533 | D:5      | Reached skill level 8 in Axes
  3588 | D:5      | Reached XP level 7. HP: 52/60 MP: 6/6
  3731 | D:5      | 3731 ||| INVOKING Berserk.
  3733 | D:5      | Reached skill level 9 in Axes
  3876 | D:5      | 3876 ||| DROPPING +0 flail.
  4443 | D:5      | 4443 ||| READING scroll labelled ITUOHO RIROETI.
  4586 | D:5      | 4586 ||| DRINKING 2 sapphire potions.
  4586 | D:5      | Gained mutation: You have hidden genetic defects. [potion
                  | of mutation]
  4586 | D:5      | Gained mutation: You are partially covered in iridescent
                  | scales. (AC +2) [potion of mutation]
  4586 | D:5      | Gained mutation: You have a pair of large horns on your
                  | head. [potion of mutation]
  4617 | D:6      | 4617 ||| STAIRDANCE
  4619 | D:5      | 4619 ||| INVOKING Berserk.
  4623 | D:5      | Reached skill level 10 in Axes
  4736 | D:6      | 4736 ||| DRINKING potion of curing.
  4736 | D:6      | 4736 ||| (to cure confusion)
  4743 | D:6      | Reached XP level 8. HP: 70/70 MP: 7/7
  4852 | D:6      | Reached skill level 6 in Fighting
  4861 | D:6      | Gained mutation: You are weak. (Str -2) [hidden defects]
  4901 | D:6      | 4901 ||| INVOKING Berserk.
  5134 | D:6      | 5134 ||| Stepping ~*~*~tactically~*~*~ (stealth).
  5417 | D:6      | Reached skill level 11 in Axes
  5527 | D:6      | Gained mutation: You are frail. (-10% HP) [hidden defects]
  5527 | D:6      | Lost mutation: You have hidden genetic defects. [hidden
                  | defects expressed]
  5528 | D:6      | 5528 ||| DRINKING potion of mutation.
  5528 | D:6      | Lost mutation: You are frail. (-10% HP) [potion of
                  | mutation]
  5528 | D:6      | Lost mutation: You have a pair of large horns on your head.
                  | [potion of mutation]
  5590 | D:6      | Reached *** piety under Trog
  5818 | D:6      | 5818 ||| READING scroll of enchant armour.
  5818 | D:6      | 5818 ||| ENCHANTING +0 plate armour.
  5825 | D:6      | Noticed Prince Ribbit
  5827 | D:6      | 5827 ||| INVOKING Berserk.
  5831 | D:6      | Killed Prince Ribbit
  5832 | D:6      | Reached skill level 12 in Axes
  6139 | D:6      | 6139 ||| Stepping ~*~*~tactically~*~*~ (stealth).
  6183 | D:6      | 6183 ||| UPGRADING to ring of poison resistance.
  6184 | D:6      | 6184 ||| READING scroll labelled NUNALO QACLIU.
  6185 | D:6      | 6185 ||| DRINKING 2 murky puce potions.
  6205 | D:6      | 6205 ||| READING 3 scrolls of identify.
  6205 | D:6      | 6205 ||| IDENTIFYING green potion
  6206 | D:6      | 6206 ||| READING 2 scrolls of identify.
  6206 | D:6      | 6206 ||| IDENTIFYING fizzy silvery potion
  6207 | D:6      | 6207 ||| DROPPING potion of lignification.
  6234 | D:7      | 6234 ||| STAIRDANCE
  6240 | D:7      | 6240 ||| STAIRDANCE
  6257 | D:7      | 6257 ||| STAIRDANCE
  6289 | D:7      | 6289 ||| STAIRDANCE
  6323 | D:7      | 6323 ||| Stepping ~*~*~tactically~*~*~ (stealth).
  6325 | D:7      | 6325 ||| Stepping ~*~*~tactically~*~*~ (stealth).
  6334 | D:7      | 6334 ||| Stepping ~*~*~tactically~*~*~ (stealth).
  6379 | D:7      | Reached XP level 9. HP: 79/79 MP: 8/8
  6468 | D:7      | 6468 ||| Stepping ~*~*~tactically~*~*~ (hiding).
  6586 | D:7      | 6586 ||| Stepping ~*~*~tactically~*~*~ (stealth).
  6589 | D:7      | 6589 ||| INVOKING Berserk.
  6764 | D:7      | 6764 ||| INVOKING Berserk.
  6767 | D:7      | Reached skill level 13 in Axes
  6880 | D:7      | Found the +18 Lear's hauberk
  6919 | D:7      | Noticed Pikel
  6920 | D:7      | 6920 ||| Stepping ~*~*~tactically~*~*~ (stealth).
  6922 | D:7      | 6922 ||| INVOKING Berserk.
  6926 | D:7      | Killed Pikel
  7102 | D:7      | Noticed Maggie
  7103 | D:7      | 7103 ||| Stepping ~*~*~tactically~*~*~ (hiding).
  7104 | D:7      | 7104 ||| Stepping ~*~*~tactically~*~*~ (hiding).
  7115 | D:7      | Killed Maggie
  7628 | D:7      | 7628 ||| READING scroll labelled RIHINT TOLUMOB.
  7629 | D:7      | 7629 ||| DRINKING 2 metallic silvery potions.
  7630 | D:7      | 7630 ||| READING 3 scrolls of identify.
  7630 | D:7      | 7630 ||| IDENTIFYING white potion
  7631 | D:7      | 7631 ||| READING 2 scrolls of identify.
  7631 | D:7      | 7631 ||| IDENTIFYING murky black potion
  7632 | D:7      | 7632 ||| DROPPING potion of invisibility.
  7840 | D:6      | 7840 ||| READING 3 scrolls of teleportation.
  8078 | D:8      | Found Lalikoang's Antique Armour Emporium.
  8214 | D:8      | 8214 ||| BUYING pair of runed gloves (217 gold).
  8214 | D:8      | Bought a pair of runed gloves for 217 gold pieces
  8227 | D:8      | 8227 ||| Stepping ~*~*~tactically~*~*~ (stealth).
  8344 | D:8      | 8344 ||| Stepping ~*~*~tactically~*~*~ (stealth).
  8349 | D:8      | 8349 ||| Stepping ~*~*~tactically~*~*~ (stealth).
  8352 | D:8      | Reached skill level 14 in Axes
  8460 | D:8      | 8460 ||| Stepping ~*~*~tactically~*~*~ (stealth).
  8465 | D:8      | Reached XP level 10. HP: 89/89 MP: 9/9
  9104 | D:8      | 9104 ||| Stepping ~*~*~tactically~*~*~ (stealth).
  9106 | D:8      | 9106 ||| Stepping ~*~*~tactically~*~*~ (stealth).
  9117 | D:8      | 9117 ||| Stepping ~*~*~tactically~*~*~ (stealth).
  9126 | D:8      | 9126 ||| Stepping ~*~*~tactically~*~*~ (stealth).
  9128 | D:8      | 9128 ||| Stepping ~*~*~tactically~*~*~ (stealth).
  9133 | D:8      | Reached skill level 15 in Axes
  9159 | D:8      | 9159 ||| Stepping ~*~*~tactically~*~*~ (stealth).
  9165 | D:8      | 9165 ||| INVOKING Berserk.
  9369 | D:8      | 9369 ||| UPGRADING to +1 pair of gloves of infusion.
  9374 | D:8      | 9374 ||| UPGRADING to +0 buckler.
  9379 | D:8      | 9379 ||| READING scroll labelled ASUKIY RIOSHRA.
  9515 | D:9      | 9515 ||| Stepping ~*~*~tactically~*~*~ (stealth).
  9524 | D:9      | 9524 ||| Stepping ~*~*~tactically~*~*~ (stealth).
  9525 | D:9      | 9525 ||| Stepping ~*~*~tactically~*~*~ (stealth).
  9526 | D:9      | 9526 ||| Stepping ~*~*~tactically~*~*~ (hiding).
  9528 | D:9      | 9528 ||| Stepping ~*~*~tactically~*~*~ (hiding).
  9532 | D:9      | 9532 ||| INVOKING Berserk.
  9542 | D:9      | Reached skill level 1 in Shields
  9714 | D:9      | Found Xekirgh's Antique Weapon Shop.
  9974 | D:9      | Reached skill level 1 in Throwing
  9982 | D:9      | Reached **** piety under Trog
 10109 | D:9      | Reached skill level 3 in Shields
 10450 | D:9      | Found a shimmering altar of Xom.
 10644 | D:9      | 10644 ||| READING scroll labelled IPUB SIYNEAL.
 10695 | D:10     | Entered Level 10 of the Dungeon
 10698 | D:10     | 10698 ||| Stepping ~*~*~tactically~*~*~ (stealth).
 10703 | D:10     | 10703 ||| Stepping ~*~*~tactically~*~*~ (stealth).
 10711 | D:10     | 10711 ||| Stepping ~*~*~tactically~*~*~ (stealth).
 10730 | D:10     | 10730 ||| Stepping ~*~*~tactically~*~*~ (stealth).
 10733 | D:10     | 10733 ||| Stepping ~*~*~tactically~*~*~ (stealth).
 10735 | D:10     | 10735 ||| Stepping ~*~*~tactically~*~*~ (stealth).
 10739 | D:10     | 10739 ||| Stepping ~*~*~tactically~*~*~ (stealth).
 10798 | D:10     | Found a staircase to the Lair.
 10971 | D:10     | Reached skill level 3 in Throwing
 11199 | D:10     | 11199 ||| Stepping ~*~*~tactically~*~*~ (stealth).
 11271 | D:10     | Found a hide-covered altar of Uskayaw.
 11541 | D:10     | Noticed a two-headed ogre
 11545 | D:10     | 11545 ||| INVOKING Berserk.
 11549 | D:10     | Killed a two-headed ogre
 11550 | D:10     | Reached skill level 6 in Shields
 11700 | D:10     | Noticed a two-headed ogre
 11702 | D:10     | 11702 ||| INVOKING Berserk.
 11704 | D:10     | Killed a two-headed ogre
 11705 | D:10     | Reached skill level 9 in Fighting
 12082 | D:10     | 12082 ||| UPGRADING to ring of protection from fire.
 12083 | D:10     | 12083 ||| PLANNING LAIR
 12083 | D:10     | 12083 ||| READING scroll labelled YSYKIA QUVAPN.
 12084 | D:10     | 12084 ||| READING 2 scrolls of identify.
 12084 | D:10     | 12084 ||| IDENTIFYING fizzy emerald potion
 12095 | Lair:1   | Entered Level 1 of the Lair of Beasts
 12095 | Lair:1   | Noticed a cane toad
 12096 | Lair:1   | 12096 ||| INVOKING Berserk.
 12101 | Lair:1   | Reached skill level 3 in Dodging
 12103 | Lair:1   | Killed a cane toad
 12104 | Lair:1   | Reached XP level 11. HP: 97/97 MP: 1/10
 12320 | Lair:1   | Noticed Erica
 12320 | Lair:1   | Noticed Harold
 12321 | Lair:1   | 12321 ||| Stepping ~*~*~tactically~*~*~ (hiding).
 12322 | Lair:1   | 12322 ||| Stepping ~*~*~tactically~*~*~ (hiding).
 12324 | Lair:1   | 12324 ||| INVOKING Berserk.
 12330 | Lair:1   | Killed Harold
 12335 | Lair:1   | Killed Erica
 12336 | Lair:1   | Reached skill level 16 in Axes
 12492 | Lair:1   | 12492 ||| Stepping ~*~*~tactically~*~*~ (stealth).
 13052 | Lair:2   | 13052 ||| STAIRDANCE
 13067 | Lair:2   | 13067 ||| STAIRDANCE
 13155 | Lair:2   | 13155 ||| INVOKING Berserk.
 13159 | Lair:2   | Reached skill level 17 in Axes
 13167 | Lair:2   | 13167 ||| STAIRDANCE
 13418 | Lair:2   | 13418 ||| INVOKING Berserk.
 13548 | Lair:2   | 13548 ||| Stepping ~*~*~tactically~*~*~ (stealth).
 13549 | Lair:2   | 13549 ||| Stepping ~*~*~tactically~*~*~ (stealth).
 13574 | Lair:2   | 13574 ||| Stepping ~*~*~tactically~*~*~ (stealth).
 13580 | Lair:2   | 13580 ||| Stepping ~*~*~tactically~*~*~ (stealth).
 13587 | Lair:2   | 13587 ||| INVOKING Berserk.
 13597 | Lair:2   | Noticed a bog body
 13597 | Lair:2   | Noticed a bog body
 13600 | Lair:2   | Killed a bog body
 13607 | Lair:2   | HP: 19/99 [bog body (13)]
 13608 | Lair:2   | 13608 ||| READING 5 scrolls of teleportation.
 13609 | Lair:2   | 13609 ||| DRINKING potion of heal wounds.
 13609 | Lair:2   | Slain by a bog body

Levels and vault maps discovered:
D:1:      evilmike_arrival_rings, layout_basic
D:2:      layout_rooms
D:3:      layout_basic, nicolae_elyvilon_peaceful_grove,
          hellmonk_ecumenical_altar_leap_of_faith, ebering_ghost_sewer_d,
          dreamdust_princess_corridor
D:4:      layout_cave_pools
D:5:      layout_basic, minmay_temple_entry_proselytizer, grunt_decor_fettered,
          cheibrodos_gnoll_hut
D:6:      layout_loops_corners, grunt_ministairs_5, uniq_prince_ribbit1
D:7:      layout_cave_pods, uniq_maggie, uniq_pikel
D:8:      layout_basic, serial_shops, nicolae_shop_overgrown_old_shop
D:9:      layout_basic, tgw_xom, serial_shops, nicolae_shop_crystal,
          minmay_strange_pillars, hex_large
D:10:     layout_stronghold, nicolae_uskayaw_murder_on_the_dancefloor,
          lair_entry_dummy
Lair:1:   layout_misc_corridors, minivault_27, uniq_erica, uniq_harold
Lair:2:   layout_hall_layers, nicolae_swamp_entry_splash_gauntlet,
          lemuel_fruit_tree, serial_bayou_shore_a, grunt_megastairs_3,
          infiniplex_staircase_pool_2, lemuel_fruit_fields, lemuel_fruit_fields

Skill      XL: |  1  2  3  4  5  6  7  8  9 10 11 |
---------------+----------------------------------+-----
Axes           | 4 5 6 7 8 10 12 14 15 17 | 17.0
Armour         | 4 5 7 8 |  8.5
Fighting       | 4 5 7 8 9 10 | 10.0
Shields        | 6 |  6.6
Throwing       | 3 4 |  4.3
Dodging        | 3 |  3.0

Action                   |  1- 3 |  4- 6 |  7- 9 | 10-12 || total
-------------------------+-------+-------+-------+-------++-------
Melee: Hand axe          |    70 |    39 |       |       ||   109
       Headbutt          |     8 |     5 |    31 |    28 ||    72
       Broad axe         |       |    21 |   168 |   193 ||   382
       Punch             |       |       |     4 |       ||     4
Throw: Javelin           |       |       |       |    37 ||    37
Invok: Berserk           |     1 |     3 |     7 |     9 ||    20
  Use: Scroll            |     2 |     2 |     9 |     5 ||    18
       Potion            |     1 |     1 |     5 |     1 ||     8
Armor: Animal skin       |     3 |       |       |       ||     3
       Scale mail        |     5 |       |       |       ||     5
       Chain mail        |     9 |     1 |       |       ||    10
       Plate armour      |       |    35 |    63 |    81 ||   179
Dodge: Dodged            |    27 |    13 |    58 |    43 ||   141
Block: Buckler           |       |       |       |    26 ||    26

Table legend:
 A = Non-vault XP
 B = Vault XP
 C = Vault XP percentage of total XP
 D = Non-vault monster count
 E = Vault monster count
 F = Vault count percentage of total count
                 A         B        C        D         E       F
            +---------+---------+-------+---------+---------+-------
      Total |   14449 |    5037 |  25.8 |     190 |      25 |  11.6
            +---------+---------+-------+---------+---------+-------
        D:1 |      32 |       0 |   0.0 |      18 |       0 |   0.0
        D:2 |      13 |       0 |   0.0 |       8 |       0 |   0.0
        D:3 |      63 |       0 |   0.0 |      16 |       0 |   0.0
        D:4 |     102 |       0 |   0.0 |      10 |       0 |   0.0
        D:5 |     986 |     215 |  17.9 |      16 |       6 |  27.3
        D:6 |     843 |     381 |  31.1 |      19 |       3 |  13.6
        D:7 |     912 |    1024 |  52.9 |      17 |       2 |  10.5
        D:8 |    2124 |       0 |   0.0 |      34 |       0 |   0.0
        D:9 |    1064 |     258 |  19.5 |      12 |       7 |  36.8
       D:10 |    2332 |       0 |   0.0 |      14 |       0 |   0.0
     Lair:1 |    4263 |    1779 |  29.4 |      16 |       3 |  15.8
     Lair:2 |    1715 |    1380 |  44.6 |      10 |       4 |  28.6
            +---------+---------+-------+---------+---------+-------
